 Dungeon Crawl Stone Soup version 0.29.1-15-g9cfb28693d (webtiles) character file.

Game seed: 8653292756919241897

4890 Cheops the Carver (level 10, -3/67 HPs)
             Began as a Demonspawn Gladiator on Apr 13, 2023.
             Was a Believer of Makhleb.
             Slain by Gastronok (27 damage)
             ... on level 8 of the Dungeon.
             The game lasted 00:25:24 (10524 turns).

Cheops the Carver (Demonspawn Gladiator)           Turns: 10524, Time: 00:25:24

Health: -3/67      AC: 13    Str: 14    XL:     10   Next: 26%
Magic:  24/24      EV: 11    Int: 11    God:    Makhleb [**....]
Gold:   357        SH:  0    Dex: 18    Spells: 9/9 levels left

rFire   + + .      SeeInvis .   a - +5 long sword
rCold   . . .      Faith    .   (no shield)
rNeg    . . .      Spirit   .   q - +2 ring mail {rF+}
rPois   .          Reflect  .   p - +0 helmet
rElec   .          Harm     .   C - +0 cloak
rCorr   .          Rampage  .   (no gloves)
Will    .....                   r - +0 pair of boots
Stlth   +.........              (no amulet)
HPRegen 0.21/turn               g - ring of magical power
MPRegen 0.38/turn               i - ring of protection from fire

@: no status effects
A: molten scales 2, ignite blood 2, magic regeneration, weakness stinger 2
a: Renounce Religion, Minor Destruction


You were on level 8 of the Dungeon.
You worshipped Makhleb.
Makhleb was pleased with you.
You visited 2 branches of the dungeon, and saw 9 of its levels.

You collected 357 gold pieces.

Inventory:

Hand Weapons
 a - a +5 long sword (weapon)
 b - a +1 dagger of venom
 c - a +0 short sword of freezing
 v - a +0 vorpal long sword
 D - the +1 hammer of Exoneration {flame, rPois rF- Int+9 Dex+4}
   (You found it on level 5 of the Dungeon)

   It burns those it strikes, dealing additional fire damage.
   Int:       It affects your intelligence (+9).
   Dex:       It affects your dexterity (+4).
   rF:        It makes you vulnerable to fire.
   rPois:     It protects you from poison.
 E - a +5 scimitar
Missiles
 d - 3 throwing nets
 e - 6 javelins
 z - 18 boomerangs of dispersal
Armour
 n - a +0 cloak
 p - a +0 helmet (worn)
 q - a +2 ring mail of fire resistance (worn)
 r - a +0 pair of boots (worn)
 A - a +0 leather armour of cold resistance
 C - a +0 cloak (worn)
Jewellery
 g - a ring of magical power (left hand)
 i - a ring of protection from fire (right hand)
 o - a +6 ring of intelligence
Scrolls
 f - 2 scrolls of fear {unknown}
 h - 5 scrolls of poison {unknown}
 l - 2 scrolls of butterflies
 u - 2 scrolls of vulnerability {unknown}
 w - 3 scrolls of magic mapping {unknown}
 y - a scroll of torment
Potions
 k - a potion of heal wounds
 m - a potion of mutation
 s - a potion of brilliance
 t - 5 potions of curing
 x - 2 potions of flight
 B - a potion of resistance
 F - 2 potions of lignification {unknown}


   Skills:
 - Level 2.0 Fighting
 + Level 13.0 Long Blades
 - Level 1.7 Throwing
 - Level 2.6 Dodging
 - Level 7.4 Invocations


You had 9 spell levels left.
You didn't know any spells.
Your spell library contained the following spells:

 Spells                   Type           Power      Damage    Failure   Level
 Gell's Gravitas          Tloc           0%         N/A       91%         3
 Lesser Beckoning         Tloc           0%         N/A       91%         3
 Teleport Other           Tloc           0%         N/A       91%         3
 Summon Ice Beast         Ice/Summ       0%         N/A       100%        4
 Summon Mana Viper        Hex/Summ       0%         N/A       100%        5
 Monstrous Menagerie      Summ           0%         N/A       100%        7


Dungeon Overview and Level Annotations

Branches:
Dungeon (8/15)             Temple (1/1) D:4
   Lair: D:8-11

Altars:
Ashenzari
Cheibriados
Dithmenos
Fedhas
Gozag
Hepliaklqana
Kikubaaqudgha
Makhleb
Okawaru
Qazlal
Ru
Sif Muna
Trog
Uskayaw
Vehumet
Wu Jian
Xom
Yredelemnul

Annotations:
D:1 dig
D:8 Gastronok


Innate Abilities, Weirdness & Mutations

You are mostly covered in molten scales. (AC +3)
Your demonic aura often causes spilled blood to erupt in flames.
You regenerate magic rapidly.
You have a tail ending in a sharp stinger.


Message History

The quokka bites you but does no damage.
Gastronok bites you!
You slash Gastronok!
Gastronok is moderately wounded.
The quokka closely misses you.
The river rat bites you but does no damage.
You completely miss Gastronok.
Gastronok is moderately wounded.
The quokka bites you but does no damage.
The river rat misses you.
You slash Gastronok!
Gastronok is moderately wounded.
Gastronok bites you!!
* * * LOW HITPOINT WARNING * * *
The quokka barely misses you.
You hit Gastronok.
Gastronok is moderately wounded.
The river rat barely misses you. The quokka barely misses you.
You slash Gastronok!
Gastronok is heavily wounded.
The river rat bites you.
* * * LOW HITPOINT WARNING * * *
The quokka bites you.
* * * LOW HITPOINT WARNING * * *
Gastronok is engulfed in blazing flames.
Gastronok bites you but does no damage.
You hit Gastronok.
Gastronok is severely wounded.
Gastronok is no longer covered in acid.
The quokka bites you but does no damage.
The river rat bites you but does no damage.
You slash Gastronok! You tail-slap Gastronok.
Gastronok is severely wounded.
The quokka bites you but does no damage.
You slash Gastronok!
Gastronok is severely wounded.
The river rat bites you but does no damage.
Gastronok is engulfed in blazing flames.
Gastronok bites you!!
You die...

# #...........# #
#...........### #
#......)....... #
#.##..))...######
###.##...#.#.##...#
...............#
###.######.....### #
#.# #.....r.# ###.#
#.....#@# .##.#
#.....rw..#
.##.###########.#.....
..#.....# #...#####
#.#####.# ##### ...#
#.# .#.# #.# ##.# #.#
#.# ...## #.# #.#


You could see Gastronok, a river rat (summoned) and a quokka (summoned).

Vanquished Creatures
  A two-headed ogre (D:8)
  Pikel (D:7)
  A hornet (D:8)
  Sigmund (D:4)
  A water moccasin (D:8)
  An acid dragon (D:8)
  2 black bears
  3 ice beasts
  3 orc warriors
  A sky beast (D:7)
  5 kobold brigands
  2 bullfrogs
  A necrophage (D:6)
  5 scorpions
  11 wights
  A killer bee (D:8)
  4 howler monkeys
  A hound (D:6)
  Crazy Yiuf (D:5)
  5 jellies
  4 orc priests
  2 gnoll boudas
  An iguana (D:5)
  Terence (D:3)
  4 orc wizards
  8 gnolls
  5 adders
  A shadow imp (D:5)
  3 white imps
  3 ufetubi
  3 worms
  2 dart slugs (D:1)
  32 orcs
  3 ball pythons
  19 endoplasms
  4 giant cockroaches
  7 goblins
  4 hobgoblins
  6 jackals
  19 kobolds
  2 quokkas
  4 bats
  4 frilled lizards
  4 rats
196 creatures vanquished.

Vanquished Creatures (others)
  2 fungi (D:3)
  12 toadstools (D:3)
14 creatures vanquished.

Grand Total: 210 creatures vanquished

Notes
Turn   | Place    | Note
-------+----------+-------------------------------------------
     0 | D:1      | Cheops the Demonspawn Gladiator began the quest for the
                  | Orb.
     0 | D:1      | Reached XP level 1. HP: 16/16 MP: 1/1
   210 | D:1      | Reached skill level 3 in Long Blades
   237 | D:1      | Gained mutation: You are partially covered in molten
                  | scales. (AC +2) [demonic ancestry]
   237 | D:1      | Reached XP level 2. HP: 22/22 MP: 2/2
  1084 | D:2      | Gained mutation: You have a small tail. [demonic ancestry]
  1084 | D:2      | Reached XP level 3. HP: 26/27 MP: 3/3
  1169 | D:2      | Reached skill level 4 in Long Blades
  1236 | D:2      | Found a faded altar of an unknown god.
  1938 | D:3      | Gained mutation: Your demonic aura sometimes causes spilled
                  | blood to erupt in flames. [demonic ancestry]
  1938 | D:3      | Reached XP level 4. HP: 29/33 MP: 4/4
  2109 | D:3      | Reached skill level 5 in Long Blades
  2110 | D:3      | Gained mutation: You have a tail ending in a sharp stinger.
                  | [demonic ancestry]
  2110 | D:3      | Reached XP level 5. HP: 25/38 MP: 5/5
  2499 | D:3      | Noticed Terence
  2510 | D:3      | Killed Terence
  3095 | D:3      | Found a blossoming altar of Fedhas.
  3141 | D:4      | Noticed Sigmund
  3147 | D:3      | Reached skill level 6 in Long Blades
  3496 | D:4      | Killed Sigmund
  3497 | D:4      | Gained mutation: Your demonic aura often causes spilled
                  | blood to erupt in flames. [demonic ancestry]
  3497 | D:4      | Reached XP level 6. HP: 36/44 MP: 6/6
  3624 | D:4      | Found a staircase to the Ecumenical Temple.
  3752 | D:4      | Reached skill level 7 in Long Blades
  4185 | Temple   | Entered the Ecumenical Temple
  4343 | Temple   | Became a worshipper of Makhleb the Destroyer
  4367 | D:5      | Entered Level 5 of the Dungeon
  4498 | D:5      | Reached XP level 7. HP: 43/50 MP: 7/7
  4766 | D:5      | Reached skill level 8 in Long Blades
  5158 | D:5      | Found a runed translucent door.
  5159 | D:5      | Noticed Crazy Yiuf
  5163 | D:5      | Killed Crazy Yiuf
  5179 | D:5      | Identified the +1 hammer of Exoneration {flame, rPois rF-
                  | Int+9 Dex+4}
  5710 | D:5      | Reached * piety under Makhleb
  6328 | D:5      | Reached skill level 9 in Long Blades
  6328 | D:5      | Gained mutation: You are mostly covered in molten scales.
                  | (AC +3) [demonic ancestry]
  6328 | D:5      | Reached XP level 8. HP: 56/56 MP: 8/8
  6901 | D:6      | Reached skill level 10 in Long Blades
  7083 | D:6      | Found a basalt altar of Yredelemnul.
  7970 | D:7      | Reached skill level 11 in Long Blades
  7978 | D:7      | Reached ** piety under Makhleb
  8158 | D:7      | Reached XP level 9. HP: 30/52 MP: 9/9
  8511 | D:7      | Noticed Pikel
  8514 | D:7      | Killed Pikel
  9099 | D:8      | Noticed a two-headed ogre
  9119 | D:8      | Found a shimmering altar of Xom.
  9151 | D:8      | Killed a two-headed ogre
  9152 | D:8      | Reached skill level 12 in Long Blades
  9346 | D:8      | Gained mutation: You regenerate magic rapidly. [demonic
                  | ancestry]
  9346 | D:8      | Reached XP level 10. HP: 67/67 MP: 15/15
 10438 | D:8      | Reached skill level 13 in Long Blades
 10505 | D:8      | Noticed Gastronok
 10524 | D:8      | Slain by Gastronok

Illustrated notes

Levels and vault maps discovered:
D:1:      lightli_arrival_isolated_outpost, layout_loops_ring, serial_glass,
          glass_columns_b, glass_columns_b, due_unseen_surprise,
          feat_on_display, feat_on_display, st_stairs_6
D:2:      layout_basic, ebering_ecumenical_altar_box
D:3:      cheibrodos_fertilizer, layout_loops_ring,
          mainiacjoe_overflow_alcove_2, uniq_terence
D:4:      layout_loops_cross, temple_pool_b, uniq_sigmund
D:5:      layout_loops_corners, minivault_4, uniq_crazy_yiuf_cottage
D:6:      layout_cave_pools, nicolae_overflow_crystal_walls
D:7:      layout_basic, uniq_pikel
D:8:      minmay_skewed_foursquare, layout_loops_ring,
          mainiacjoe_overflow_concentric_impassable,
          chequers_serial_rivers_room_a, minmay_unpleasant_kobolds,
          uniq_gastronok
Temple:   regret_index_temple_mists

Skill      XL: |  1  2  3  4  5  6  7  8  9 10 |
---------------+-------------------------------+-----
Long Blades    | 3 4 5 6 7 9 11 12 13 | 13.0
Invocations    | 7 |  7.4
Fighting       | |  2.0
Throwing       | |  1.7
Dodging        | |  2.6

Action                   |  1- 3 |  4- 6 |  7- 9 | 10-12 || total
-------------------------+-------+-------+-------+-------++-------
Melee: Long sword        |    89 |   138 |   329 |    68 ||   624
       Punch             |     1 |       |     5 |       ||     6
       Tailslap          |     5 |    20 |    47 |    12 ||    84
Invok: Minor Destruction |       |       |    25 |     3 ||    28
  Use: Scroll            |       |     4 |     7 |     2 ||    13
       Potion            |       |     1 |     1 |     2 ||     4
Armor: Leather armour    |    21 |       |       |       ||    21
       Ring mail         |    17 |    68 |   141 |    24 ||   250
Dodge: Dodged            |    51 |    74 |   152 |    39 ||   316
